 Dungeon Crawl Stone Soup version 0.30-a0-860-g512cf1e979 (webtiles) character file.

Game seed: 4712759282099182176

63 Strat the Conjurer (level 3, 0/22 (27) HPs)
             Began as a Demonspawn Reaver on Mar 7, 2023.
             Slain by Terence
             ... wielding a +0 flail
              (4 damage)
             ... on level 2 of the Dungeon.
             The game lasted 00:03:21 (1438 turns).

Strat the Conjurer (Demonspawn Reaver)              Turns: 1438, Time: 00:03:22

HP:   0/22 (27)     AC:  6    Str: 14    XL:     3   Next: 89%
MP:   3/6           EV: 11    Int: 14    God:
Gold: 122           SH:  4    Dex: 11    Spells: 3/6 levels left

rFire   . . .      SeeInvis .    a - +0 spear
rCold   . . .      Faith    .    (no shield)
rNeg    . . .      Spirit   .    b - +0 leather armour
rPois   .          Reflect  .    (no helmet)
rElec   .          Rampage  .    (no cloak)
rCorr   .                        h - +0 pair of gloves
Will    .....                    (no boots)
Stlth   +                        (no amulet)
HPRegen 0.23/turn                (no ring)
MPRegen 0.10/turn                (no ring)

@: heavily drained
A: thin metallic scales 1, condensation shield
a: no special abilities


You were on level 2 of the Dungeon.
You visited 1 branch of the dungeon, and saw 2 of its levels.

You collected 122 gold pieces.

Inventory:

Hand Weapons
 a - a +0 spear (weapon)
Missiles
 d - 3 poisoned darts
Armour
 b - a +0 leather armour (worn)
 h - a +0 pair of gloves (worn)
Jewellery
 k - a ring of willpower
Scrolls
 c - a scroll of teleportation {unknown}
 f - a scroll of fog {unknown}
 g - a scroll of enchant armour {unknown}
 i - a scroll of enchant weapon {unknown}
 j - 5 scrolls of identify {unknown}
Potions
 e - a potion of curing {unknown}


   Skills:
 - Level 2.0 Fighting
 + Level 3.7 Polearms
 - Level 1.7 Dodging
 - Level 2.0 Spellcasting
 - Level 4.0 Conjurations


You had 3 spell levels left.
You knew the following spells:

 Your Spells              Type           Power      Damage    Failure   Level
a - Kiss of Death         Conj/Necr      28%        2d7       13%         1
b - Momentum Strike       Conj/Tloc      14%        3d8       21%         2

Your spell library contained the following spells:

 Spells                   Type           Power      Damage    Failure   Level
 Slow                     Hex            4%         N/A       30%         1
 Hailstorm                Conj/Ice       7%         3d4       36%         3
 Blink                    Tloc           2%         N/A       41%         2
 Cigotuvi's Dreadful Rot  Necr/Pois/Air  2%         N/A       41%         2
 Lesser Beckoning         Tloc           2%         N/A       41%         2
 Poisonous Vapours        Pois/Air       2%         N/A       41%         2
 Mephitic Cloud           Conj/Pois/Air  5%         N/A       47%         3
 Confusing Touch          Hex            1%         N/A       65%         3
 Gell's Gravitas          Tloc           1%         N/A       65%         3
 Teleport Other           Tloc           1%         N/A       65%         3
 Vampiric Draining        Necr           1%         2d6       65%         3
 Manifold Assault         Tloc           1%         N/A       96%         4
 Storm Form               Tmut/Air       0%         N/A       100%        7


Dungeon Overview and Level Annotations

Branches:
Dungeon (2/15)

Altars:

Annotations:
D:2 Terence


Innate Abilities, Weirdness & Mutations

You are partially covered in thin metallic scales. (AC +2)
A meltable shield of frost defends you. (SH +4)


Message History

You are frozen.
* * * LOW HITPOINT WARNING * * *
You hit the endoplasm but do no damage. You hit the endoplasm but do no damage.
The endoplasm hits you.
* * * LOW HITPOINT WARNING * * *
Reach: a) +0 spear
Press: ? - help, Dir - move target, f/p - Terence
Aim: Terence, wielding a +0 flail and wearing a +0 scale mail (lightly wounded, about 36% to evade your +0 spear)
The endoplasm is in the way.
You hit the endoplasm but do no damage. The endoplasm freezes you.
You are frozen.
* * * LOW HITPOINT WARNING * * *
Reach: a) +0 spear
Press: ? - help, Dir - move target, f/p - Terence
Aim: Terence, wielding a +0 flail and wearing a +0 scale mail (lightly wounded, about 36% to evade your +0 spear)
You reach to attack!
You hit Terence but do no damage.
Terence is lightly wounded.
The endoplasm hits you but does no damage.
You hit the endoplasm.
You kill the endoplasm!
Casting: Momentum Strike (safe; 21% risk of failure)
Confirm with . or Enter, or press ? or * to list all spells.
Aiming: Kiss of Death (safe; 13% risk of failure)
Press: ? - help, Shift-Dir - straight line, f/p - Terence
Aim: Terence, wielding a +0 flail and wearing a +0 scale mail (lightly wounded, 100% to hit)
The negative energy hits Terence.
Terence is drained!
Terence is moderately wounded.
You feel drained. Terence barely misses you.
You closely miss Terence.
Terence is moderately wounded.
Terence hits you with a +0 flail.
* * * LOW HITPOINT WARNING * * *
You closely miss Terence.
Terence is moderately wounded.
You are no longer robbed of momentum.
Terence closely misses you.
You hit Terence.
Terence is severely wounded.
Terence hits you with a +0 flail.
You die...

#.# # #.# # #.#####
# #.....# #####.##
#.....# ♣ #.....#
##+##.#
#####.#######..>..#
#.....@@r....#
#########....#
.......# ..r.....♣
.........♣
..........♣
...........♣
#.....####...


You could see Terence (very drained) and a quokka.

Vanquished Creatures
  2 adders (D:2)
  3 bats
  6 endoplasms
  2 giant cockroaches
  4 goblins (D:1)
  7 hobgoblins
  8 kobolds
  4 ball pythons
  A frilled lizard (D:2)
  3 rats
40 creatures vanquished.

Vanquished Creatures (others)
  4 plants (D:2)
4 creatures vanquished.

Grand Total: 44 creatures vanquished

Notes
Turn   | Place    | Note
-------+----------+-------------------------------------------
     0 | D:1      | Strat the Demonspawn Reaver began the quest for the Orb.
     0 | D:1      | Reached XP level 1. HP: 16/16 MP: 3/3
   173 | D:1      | Gained mutation: A meltable shield of frost defends you.
                  | (SH +4) [demonic ancestry]
   173 | D:1      | Reached XP level 2. HP: 10/22 MP: 5/5
   335 | D:1      | Learned a level 2 spell: Momentum Strike
   895 | D:2      | Gained mutation: You are partially covered in thin metallic
                  | scales. (AC +2) [demonic ancestry]
   895 | D:2      | Reached XP level 3. HP: 15/27 MP: 6/6
  1373 | D:2      | Reached skill level 4 in Conjurations
  1422 | D:2      | Noticed Terence
  1438 | D:2      | Slain by Terence

Illustrated notes

Levels and vault maps discovered:
D:1:      amcnicky_arrival_gap_in_the_tavern_cellar, layout_loops_ring,
          chequers_mini_garden
D:2:      kennysheep_the_goblin_king, layout_basic, serial_shops,
          nicolae_lakefront_shop, serial_forest, infiniplex_forest_straight_2,
          infiniplex_forest_lined_ring, infiniplex_forest_straight_1,
          infiniplex_forest_join, infiniplex_forest_3_way,
          infiniplex_forest_3_way, infiniplex_forest_end_1,
          infiniplex_forest_straight_1, minmay_circled_x, uniq_terence

Skill      XL: |  1  2  3 |
---------------+----------+-----
Polearms       | 3 |  3.7
Conjurations   | 4 |  4.0
Fighting       | |  2.0
Dodging        | |  1.7
Spellcasting   | |  2.0

Action                     || total
---------------------------++-------
  Melee: Spear             ||   157
         Punch             ||     1
   Cast: Momentum Strike   ||     4
         Kiss of Death     ||     1
   Stab: Sleeping          ||     2
 Armour: Leather armour    ||    28
  Dodge: Dodged            ||    67
  Block: Other             ||    11

Table legend: (Time is in decaauts)
 A = Elapsed time spent in this place.
 B = Non-inter-level travel time spent in this place.
 C = Inter-level travel time spent in this place.
 D = Time resting spent in this place.
 E = Time spent auto-exploring this place.
 F = Levels seen in this place.
 G = Mean time per level.
                   A        B        C        D        E       F      G
               +--------+--------+--------+--------+--------+-----+--------+
         Total |   1428 |   1393 |     35 |    114 |    959 |   2 |  714.0 |
       Dungeon |   1428 |   1393 |     35 |    114 |    959 |   2 |  714.0 |
               +--------+--------+--------+--------+--------+-----+--------+

Top non-repeatable levels by time:
     D:1: 876 daAuts
     D:2: 552 daAuts
